 Dungeon Crawl Stone Soup version 0.26-a0-540-g8a0c9464d7 (webtiles) character file.

Game seed: 6972288021679443435

49 vurker the Sneak (level 4, -2/37 HPs)
             Began as a Formicid Delver on Aug 24, 2020.
             Slain by an orc
             ... wielding a +0 club
              (4 damage)
             ... on level 3 of the Dungeon.
             The game lasted 00:00:40 (234 turns).

vurker the Sneak (Formicid Delver)                   Turns: 234, Time: 00:00:40

Health: -2/37      AC:  3    Str: 17    XL:     4   Next: 2%
Magic:  4/4        EV: 12    Int: 10    God:
Gold:   38         SH:  0    Dex: 12    Spells: 3/3 levels left

rFire    . . .     SeeInvis +   a - +0 hand axe
rCold    . . .     Faith    .   (no shield)
rNeg     . . .     Spirit   .   b - +0 leather armour
rPois    .         Reflect  .   (helmet unavailable)
rElec    .         Harm     .   (no cloak)
rCorr    .                      (no gloves)
MR       .....                  (no boots)
Stlth    +++.......             (no amulet)
HPRegen  0.12/turn              (no ring)
MPRegen  0.09/turn              (no ring)

@: no status effects
A: permanent stasis, dig shafts and tunnels, four strong arms, antennae 3
a: Dig, Shaft Self


You were on level 3 of the Dungeon.
You visited 1 branch of the dungeon, and saw 3 of its levels.

You collected 38 gold pieces.

Inventory:

Hand Weapons
 a - a +0 hand axe (weapon)
Armour
 b - a +0 leather armour (worn)
Wands
 v - a wand of digging (3)
Scrolls
 c - a scroll of fog
 d - a scroll of magic mapping
 e - a scroll of fear
 f - a scroll of remove curse {unknown}
 g - a scroll of identify {unknown}
Potions
 h - a potion of degeneration {unknown}


   Skills:
 + Level 4.0 Fighting
 * Level 3.4 Axes
 - Level 1.7 Dodging
 - Level 6.0 Stealth


You had 3 spell levels left.
You didn't know any spells.
Your spell library was empty.

Dungeon Overview and Level Annotations

Branches:
Dungeon (5/15)
 Temple: D:4-7

Altars:
Uskayaw


Innate Abilities, Weirdness & Mutations

You cannot be hasted, slowed, berserked, paralysed or teleported.
You can dig through walls and to a lower floor.
Your four strong arms can wield two-handed weapons with a shield.
You have a pair of large antennae on your head. (SInv)


Message History

You dig through the rock wall.
The adder bites you.
You retract your mandibles.
You slash the adder!
You feel sick. The adder bites you but does no damage.
You hit the adder.
You kill the adder!
Your Axes skill increases to level 3!
You have reached level 3!
Your experience leads to an increase in your attributes!
Increase (S)trength, (I)ntelligence, or (D)exterity?
You feel stronger.
You slash the orc!
You kill the orc!
You closely miss the orc wizard.
You feel sick.
The orc wizard points at you and mumbles some strange words.
The puff of flame hits you.
* * * LOW HITPOINT WARNING * * *
You closely miss the orc wizard. The orc wizard closely misses you.
You slash the orc wizard!
The orc wizard hits you with a +3 dagger.
* * * LOW HITPOINT WARNING * * *
You closely miss the orc wizard.
You feel sick. The orc wizard closely misses you.
The orc wizard gestures at you while chanting.
You are confused.
You're too confused to move!
The orc wizard barely misses you.
You closely miss the orc wizard.
The orc wizard hits you but does no damage.
You bump into the rock wall.
The orc wizard hits you with a +3 dagger.
* * * LOW HITPOINT WARNING * * *
You hit the orc wizard.
You feel sick. The orc wizard closely misses you.
You hit the orc wizard.
You kill the orc wizard!
Your Fighting skill increases to level 4!
You have reached level 4!
You feel clever.
You hit the orc.
You feel less confused. The orc hits you with a +0 club.
* * * LOW HITPOINT WARNING * * *
You hit the orc.
You feel sick.
You are no longer poisoned.
The orc hits you with a +0 club.
* * * LOW HITPOINT WARNING * * *
You hit the orc but do no damage. The orc hits you but does no damage.
You hit the orc. The orc closely misses you.
You barely miss the orc. The orc barely misses you.
You hit the orc but do no damage. The orc closely misses you.
You hit the orc but do no damage. The orc hits you with a +0 club.
You die...

.# # #.#
#.#######.#
#.......#?##
###........###
........#..#@##
..####..#..##o#
........o.o#{##
..####..##..## #
#...#.##?..#
......(#o....#
...##.######...#
#.. #. .## .. #.
#


You could see an orc.

Vanquished Creatures
  An orc wizard (D:3)
  2 adders
  A worm (D:4)
  An orc (D:3)
  A quokka (D:5)
6 creatures vanquished.

Notes
Turn   | Place    | Note
-------+----------+-------------------------------------------
     0 | D:5      | vurker the Formicid Delver began the quest for the Orb.
     0 | D:5      | Reached XP level 1. HP: 18/18 MP: 1/1
    49 | D:4      | Found a hide-covered altar of Uskayaw.
    49 | D:4      | Noticed a +0 dagger
    49 | D:4      | Noticed a +0 dagger
    64 | D:4      | Reached XP level 2. HP: 22/24 MP: 2/2
   217 | D:3      | Reached XP level 3. HP: 18/30 MP: 3/3
   227 | D:3      | Reached XP level 4. HP: 9/37 MP: 4/4
   234 | D:3      | Slain by an orc

Illustrated notes

Levels and vault maps discovered:
D:3:      layout_loops_ring, gammafunk_ghost_stat_death
D:4:      layout_loops_ring, kennysheep_slug_shrine, dancing_weapons_uskayaw,
          serial_shops, kennysheep_mini_moat, shop
D:5:      layout_loops_corners, makhleb_blood_cavern_becter, serial_shops, shop

Skill      XL: |  1  2  3 |
---------------+----------+-----
Axes           | 3 |  3.4
Fighting       | 4 |  4.0
Dodging        | |  1.7
Stealth        | |  6.0

Action                   |  1- 3 |  4- 6 || total
-------------------------+-------+-------++-------
Melee: Hand axe          |    24 |     7 ||    31
 Abil: Dig               |     2 |       ||     2
 Stab: Sleeping          |     2 |       ||     2
Armor: Leather armour    |     5 |     1 ||     6
Dodge: Dodged            |    13 |     3 ||    16

Table legend: (Time is in decaauts)
 A = Elapsed time spent in this place.
 B = Non-inter-level travel time spent in this place.
 C = Inter-level travel time spent in this place.
 D = Time resting spent in this place.
 E = Time spent auto-exploring this place.
 F = Levels seen in this place.
 G = Mean time per level.
                   A        B        C        D        E       F      G
               +--------+--------+--------+--------+--------+-----+--------+
         Total |    239 |    233 |      6 |      0 |    158 |   3 |   79.7 |
       Dungeon |    239 |    233 |      6 |      0 |    158 |   3 |   79.7 |
               +--------+--------+--------+--------+--------+-----+--------+

Top non-repeatable levels by time:
     D:4: 170 daAuts
     D:5: 38 daAuts
     D:3: 31 daAuts
